[Event "Oslo Chess Festival 2017"]
[Site "Oslo"]
[Date "2017.10.04"]
[Round "7"]
[White "Haug, Johannes"]
[Black "Zhao, Shengxin"]
[Result "1-0"]
[ECO "B52"]
[WhiteElo "2379"]
[BlackElo "2113"]
[Annotator "NA"]
[PlyCount "57"]
[EventDate "2017.??.??"]
[EventType "swiss"]
[EventCountry "NOR"]
[SourceTitle "playchess.com"]
[Source "ChessBase"]
[SourceQuality "1"]
[TimeControl "5400+30"]

1. e4 c5 2. Nf3 d6 3. Bb5+ Bd7 4. Bxd7+ Qxd7 5. d4 cxd4 6. Qxd4 Nc6 7. Qd3 e5 8. O-O Be7 9. Rd1 h6 10. b3 Nf6 11. c4 O-O 12. Nc3 Qe6 13. Nd5 Rad8 14. Ba3 Ne8 $16 15. c5 dxc5 16. Qb5 Bd6 17. Bxc5 Bxc5 18. Qxc5 Nd6 19. Nc3 Rd7 20. Rd2 Rfd8 21. Rad1 f6 22. h3 Ne8 23. Nd5 Nd6 24. Nc3 Ne8 25. Nd5 Nd6 26. Qc2 Nb5 27. Qc4 Nbd4 28. Nxd4 Nxd4 29. Nxf6+ 1-0

[Event "Oslo Chess Festival 2017"]
[Site "Oslo"]
[Date "2017.10.04"]
[Round "7"]
[White "Mikalsen, Erlend"]
[Black "Bruaset, Eivind"]
[Result "1-0"]
[ECO "C18"]
[WhiteElo "2322"]
[BlackElo "2012"]
[Annotator "NA"]
[PlyCount "85"]
[EventDate "2017.??.??"]
[EventType "swiss"]
[EventCountry "NOR"]
[SourceTitle "playchess.com"]
[Source "ChessBase"]
[SourceQuality "1"]
[TimeControl "5400+30"]

1. e4 e6 2. d4 d5 3. Nc3 Bb4 4. e5 c5 5. a3 Bxc3+ 6. bxc3 Qa5 7. Bd2 Qa4 8. Qg4 Kf8 9. Nf3 Ne7 10. Be2 {[%emt 0:00:33] C18: French: 3 Nc3 Bb4: Main line: 7 h4 and 7 Qg4} (10. h3 Nd7 11. Bd3 c4 12. Be2 Qxc2 13. O-O h6 14. Rfe1 Qe4 15. Qxe4 dxe4 16. Nh2 Nb6 17. a4 Bd7 {1-0 (60) Motylev,A (2660)-Kovalenko,I (2667) Poikovsky 2016}) 10... b6 11. O-O Ba6 12. Bd3 Bxd3 13. cxd3 c4 14. dxc4 $146 ({Predecessor:} 14. Ng5 h6 15. Qh5 g6 16. Qh4 Nd7 17. Nf3 Nf5 {0-1 (62) Ferreira,J (2317)-Sandstroem,L (2345) ICCF email 2013}) 14... Qxc4 15. Qh5 h6 16. Ng5 g6 17. Qh4 Nd7 18. Nf3 Nf5 19. Qh3 Kg7 20. g4 Ne7 21. Qg3 Rag8 22. Nh4 Kf8 23. Ng2 h5 24. h3 hxg4 25. hxg4 Rh7 26. Bg5 Ke8 27. Nh4 b5 28. Kg2 Qe2 $16 (28... Nc6 $11 {remains equal.}) 29. Rfe1 Qc2 30. Rac1 Qa4 31. Rh1 Rgh8 32. Bf6 Nxf6 33. exf6 Nc8 34. Nf3 Rxh1 35. Rxh1 Rxh1 36. Kxh1 Qc4 37. Kg2 Qc6 38. Qb8 Kd8 39. Ne5 Qe8 40. g5 a6 41. Qb7 Nd6 42. Qb6+ Kc8 43. Qxd6 1-0

[Event "Oslo Chess Festival 2017"]
[Site "Oslo"]
[Date "2017.10.04"]
[Round "7"]
[White "Gabrielsen, Stig"]
[Black "Vitenberg, Noam Aviv"]
[Result "1-0"]
[ECO "C10"]
[WhiteElo "2314"]
[BlackElo "1989"]
[Annotator "NA"]
[PlyCount "81"]
[EventDate "2017.??.??"]
[EventType "swiss"]
[EventCountry "NOR"]
[SourceTitle "playchess.com"]
[Source "ChessBase"]
[SourceQuality "1"]
[TimeControl "5400+30"]

1. e4 e6 2. d4 d5 3. Nc3 dxe4 4. Nxe4 Bd7 5. c4 Bc6 6. Nc3 b6 7. Nf3 Nd7 8. d5 exd5 9. cxd5 Bb7 10. Bb5 Ngf6 11. O-O Be7 12. Nd4 O-O 13. Bc6 $16 Qc8 14. Nf5 Re8 15. Re1 Bf8 16. Rxe8 Nxe8 17. Nh6+ gxh6 18. Qg4+ Kh8 19. Bxb7 Qxb7 20. Qxd7 Nd6 21. Bf4 Qc8 22. Qc6 Qb7 23. Be5+ Kg8 24. Qa4 Bg7 25. Qg4 Ne8 26. Re1 Qc8 27. Qf4 Qd7 28. Re3 Bxe5 29. Qxe5 Ng7 30. Rg3 f5 31. h3 Rf8 32. Ne2 Rf7 33. Nf4 Qd6 34. Qe8+ Qf8 35. Qa4 a5 36. Ne6 Qe7 37. Qc6 Kh8 38. Nxg7 f4 39. Rg4 Qe1+ 40. Kh2 Rxg7 41. Qa8+ 1-0

[Event "Oslo Chess Festival 2017"]
[Site "Oslo"]
[Date "2017.10.04"]
[Round "7"]
[White "Hobber, Anders"]
[Black "Lillevold, Frode"]
[Result "1/2-1/2"]
[ECO "D32"]
[WhiteElo "2264"]
[BlackElo "2128"]
[Annotator "NA"]
[PlyCount "28"]
[EventDate "2017.??.??"]
[EventType "swiss"]
[EventCountry "NOR"]
[SourceTitle "playchess.com"]
[Source "ChessBase"]
[SourceQuality "1"]
[TimeControl "5400+30"]

1. e3 d5 2. c4 e6 3. Nf3 Nf6 4. b3 Be7 5. Bb2 O-O 6. Nc3 c5 7. cxd5 exd5 8. d4 Nc6 9. Be2 Be6 10. dxc5 Bxc5 11. O-O a6 12. Rc1 Ba7 13. Na4 Qe7 14. Nd4 {[%emt 0:01:33] LiveBook: 8 Games} Qd6 $16 (14... Bd7 $14) 1/2-1/2

[Event "Oslo Chess Festival 2017"]
[Site "Oslo"]
[Date "2017.10.04"]
[Round "7"]
[White "Vestby-Ellingsen, Mads"]
[Black "Ingebretsen, Jens E"]
[Result "1-0"]
[ECO "A43"]
[WhiteElo "2262"]
[BlackElo "2062"]
[Annotator "NA"]
[PlyCount "80"]
[EventDate "2017.??.??"]
[EventType "swiss"]
[EventCountry "NOR"]
[SourceTitle "playchess.com"]
[Source "ChessBase"]
[SourceQuality "1"]
[TimeControl "5400+30"]

1. d4 Nf6 2. Nc3 e6 3. e4 c5 4. d5 d6 5. Nf3 g6 6. dxe6 Bxe6 7. e5 dxe5 8. Qxd8+ Kxd8 9. Bg5 Bg7 10. O-O-O+ Ke7 11. Nd5+ Bxd5 12. Rxd5 Nbd7 13. Bb5 Rhd8 14. Rxd7+ Rxd7 15. Bxd7 Kxd7 16. Nxe5+ Kc7 17. Nxf7 Nd5 18. Rd1 Rf8 19. Nd8 Rf5 20. g4 Rxf2 21. Rxd5 Rf1+ 22. Kd2 Bxb2 23. Ke2 Rh1 24. Bf4+ Kb6 25. Rd6+ Kb5 26. Rd1 Rxd1 27. Kxd1 b6 28. Ne6 Kc4 29. Nf8 Kd5 30. Nxh7 b5 31. Nf8 Ke4 32. Nxg6 a5 33. h4 b4 34. h5 c4 35. h6 a4 36. Be5 a3 37. h7 Bxe5 38. Nxe5 b3 39. Nxc4 b2 40. Nd2+ Kd5 1-0

[Event "Oslo Chess Festival 2017"]
[Site "Oslo"]
[Date "2017.10.04"]
[Round "7"]
[White "Louis, Thibault"]
[Black "Kvendseth, Thyra"]
[Result "1-0"]
[ECO "C45"]
[WhiteElo "2207"]
[BlackElo "1788"]
[Annotator "NA"]
[PlyCount "87"]
[EventDate "2017.??.??"]
[EventType "swiss"]
[EventCountry "NOR"]
[SourceTitle "playchess.com"]
[Source "ChessBase"]
[SourceQuality "1"]
[TimeControl "5400+30"]

1. e4 e5 2. Nf3 Nc6 3. d4 exd4 4. Nxd4 Nf6 5. Nxc6 bxc6 6. e5 Ne4 7. Qf3 Ng5 8. Qg3 Ne6 9. Bd3 d5 10. O-O Bc5 11. Nd2 O-O 12. Nf3 f6 13. Qh4 $11 g6 14. Bh6 Ng7 15. Rae1 fxe5 16. Bg5 Qd6 17. Nxe5 Bf5 18. Bf4 Qf6 19. Qxf6 Rxf6 20. Bg5 Re6 21. Bxf5 Nxf5 22. Nd7 Rxe1 23. Rxe1 Bd4 24. c3 Bg7 25. Kf1 Nd6 26. f3 a5 27. g4 Re8 28. Rxe8+ Nxe8 29. Nb8 c5 30. Nc6 d4 31. cxd4 Bxd4 32. b3 Bc3 33. Ke2 Ng7 34. Bd2 Bxd2 35. Kxd2 Ne6 36. Kd3 Kf7 37. Nxa5 Ke7 38. h4 h6 39. Ke4 Kd6 40. Nc4+ Ke7 41. f4 Kf6 42. Ne5 g5 43. hxg5+ hxg5 44. f5 1-0

[Event "Oslo Chess Festival 2017"]
[Site "Oslo"]
[Date "2017.10.04"]
[Round "7"]
[White "Sousa, Ludy Helsio Paulo"]
[Black "Wetle Hoem, Tor"]
[Result "1-0"]
[ECO "B76"]
[WhiteElo "2171"]
[BlackElo "1965"]
[Annotator "NA"]
[PlyCount "26"]
[EventDate "2017.??.??"]
[EventType "swiss"]
[EventCountry "NOR"]
[SourceTitle "playchess.com"]
[Source "ChessBase"]
[SourceQuality "1"]
[TimeControl "5400+30"]

1. e4 c5 2. Nf3 d6 3. d4 cxd4 4. Nxd4 Nf6 5. Nc3 g6 6. Be3 Bg7 7. f3 Nc6 8. Qd2 O-O 9. g4 Nxd4 10. Bxd4 Be6 11. O-O-O Qa5 12. Kb1 Rfc8 13. a3 Nd7 1-0

[Event "Oslo Chess Festival 2017"]
[Site "Oslo"]
[Date "2017.10.04"]
[Round "7"]
[White "Li, Xueyi"]
[Black "Nilsen, Tobias Lang"]
[Result "1-0"]
[ECO "D27"]
[WhiteElo "2157"]
[BlackElo "1855"]
[Annotator "NA"]
[PlyCount "71"]
[EventDate "2017.??.??"]
[EventType "swiss"]
[EventCountry "NOR"]
[SourceTitle "playchess.com"]
[Source "ChessBase"]
[SourceQuality "1"]
[TimeControl "5400+30"]

1. d4 Nf6 2. c4 e6 3. Nc3 Bb4 4. e3 d5 5. Nf3 c5 6. Bd3 O-O 7. O-O cxd4 8. exd4 dxc4 9. Bxc4 a6 10. a4 Nc6 11. Bg5 Be7 12. Re1 Nd5 13. Bxd5 exd5 14. Bxe7 Nxe7 15. Qb3 Rb8 16. Re5 Be6 17. Rae1 Nc6 18. Rh5 g6 19. Rh4 Ne7 20. g4 Qc7 21. Ng5 Qf4 22. Nxh7 g5 23. Ne2 Qd2 24. Nf6+ Kg7 25. Nh5+ Kg6 26. Nef4+ gxf4 27. Rd1 Qa5 28. Nxf4+ Kg7 29. Nh5+ Kg6 30. Qd3+ f5 31. Nf4+ Kf6 32. g5+ Kf7 33. Rh7+ Ke8 34. Nxe6 Rg8 35. Qa3 Nc6 36. Nc7+ 1-0

[Event "Oslo Chess Festival 2017"]
[Site "Oslo"]
[Date "2017.10.04"]
[Round "7"]
[White "Bentsen, Hakon"]
[Black "Kvisvik, Brede"]
[Result "0-1"]
[ECO "C07"]
[WhiteElo "2071"]
[BlackElo "2296"]
[Annotator "NA"]
[PlyCount "78"]
[EventDate "2017.??.??"]
[EventType "swiss"]
[EventCountry "NOR"]
[SourceTitle "playchess.com"]
[Source "ChessBase"]
[SourceQuality "1"]
[TimeControl "5400+30"]

1. e4 e6 2. d4 d5 3. Nd2 c5 4. exd5 Qxd5 5. Ngf3 cxd4 6. Bc4 Qd6 7. O-O Nf6 8. Nb3 Nc6 9. Nbxd4 Nxd4 10. Qxd4 Qxd4 11. Nxd4 Bc5 12. Bb5+ Bd7 13. Bxd7+ Nxd7 14. Be3 O-O-O 15. Rfd1 Nf6 16. Nf5 Bxe3 17. Nxe3 Rxd1+ 18. Rxd1 Rd8 19. Rxd8+ Kxd8 20. f3 Kc7 21. Kf2 Kc6 22. Ke2 Kc5 23. Kd3 b5 24. a3 a5 25. Kc3 Nd5+ 26. Nxd5 Kxd5 27. b4 a4 28. Kd3 e5 29. g4 f6 30. c4+ bxc4+ 31. Kc3 g6 32. b5 Kc5 33. b6 Kxb6 34. Kxc4 Kc6 35. h4 h5 36. Kb4 f5 37. gxf5 gxf5 38. Kxa4 e4 39. fxe4 f4 0-1

[Event "Oslo Chess Festival 2017"]
[Site "Oslo"]
[Date "2017.10.04"]
[Round "7"]
[White "Abdrlauf, Elham"]
[Black "Stark, Lars"]
[Result "0-1"]
[ECO "B01"]
[WhiteElo "1990"]
[BlackElo "2397"]
[Annotator "NA"]
[PlyCount "26"]
[EventDate "2017.??.??"]
[EventType "swiss"]
[EventCountry "NOR"]
[SourceTitle "playchess.com"]
[Source "ChessBase"]
[SourceQuality "1"]
[TimeControl "5400+30"]

1. e4 d5 2. exd5 Qxd5 3. Nc3 Qd6 4. d4 Nf6 5. Nf3 c6 6. Bc4 Bg4 7. Be3 Nbd7 8. h3 Bh5 9. Qd2 Nb6 10. Bb3 e6 11. g4 Bg6 12. Bf4 Qb4 13. a3 Qa5 0-1

[Event "Oslo Chess Festival 2017"]
[Site "Oslo"]
[Date "2017.10.04"]
[Round "7"]
[White "Larsen, Ulrik"]
[Black "Vogt, Lothar"]
[Result "0-1"]
[ECO "B86"]
[WhiteElo "1975"]
[BlackElo "2401"]
[Annotator "NA"]
[PlyCount "27"]
[EventDate "2017.??.??"]
[EventType "swiss"]
[EventCountry "NOR"]
[SourceTitle "playchess.com"]
[Source "ChessBase"]
[SourceQuality "1"]
[TimeControl "5400+30"]

1. e4 c5 2. Nf3 e6 3. d4 cxd4 4. Nxd4 Nf6 5. Nc3 d6 6. Bc4 Be7 7. Bb3 Na6 8. f4 Nc5 9. Qf3 O-O 10. g4 d5 11. exd5 Nxb3 12. axb3 Nxd5 13. Nxd5 exd5 14. g5 $17 0-1

[Event "Oslo Chess Festival 2017"]
[Site "Oslo"]
[Date "2017.10.04"]
[Round "7"]
[White "Grover, Sigurd Loe"]
[Black "Efroimski, Marsel"]
[Result "0-1"]
[ECO "B13"]
[WhiteElo "1816"]
[BlackElo "2331"]
[Annotator "NA"]
[PlyCount "22"]
[EventDate "2017.??.??"]
[EventType "swiss"]
[EventCountry "NOR"]
[SourceTitle "playchess.com"]
[Source "ChessBase"]
[SourceQuality "1"]
[TimeControl "5400+30"]

1. e4 c6 2. d4 d5 3. exd5 cxd5 4. Bd3 Nc6 5. c3 Qc7 6. Ne2 Nf6 7. Bf4 e5 8. dxe5 Nxe5 9. O-O Bd6 10. Na3 a6 11. Qa4+ Bd7 0-1

[Event "Oslo Chess Festival 2017"]
[Site "Oslo"]
[Date "2017.10.04"]
[Round "7"]
[White "Markussen, Petter B"]
[Black "Nordquelle, Daniel"]
[Result "1-0"]
[ECO "B25"]
[WhiteElo "1756"]
[BlackElo "2203"]
[Annotator "NA"]
[PlyCount "31"]
[EventDate "2017.??.??"]
[EventType "swiss"]
[EventCountry "NOR"]
[SourceTitle "playchess.com"]
[Source "ChessBase"]
[SourceQuality "1"]
[TimeControl "5400+30"]

1. e4 c5 2. Nc3 d6 3. g3 Nc6 4. Bg2 g6 5. d3 Bg7 6. Nh3 e6 7. Bd2 Nge7 8. Qc1 h6 9. O-O Rb8 10. f4 f5 11. Ne2 d5 12. e5 d4 13. Nf2 O-O 14. Kh1 Nd5 15. g4 Nce7 16. Ng3 $15 1-0